 Dungeon Crawl Stone Soup version 0.27-a0-333-gfa571bf19a (webtiles) character file.

Game seed: 8767100066904668159

2682 gimp the Magician (level 9, -4/66 HPs)
             Began as a Gnoll Fire Elementalist on Feb 13, 2021.
             Was a Follower of Ru.
             Killed by divine providence
             ... invoked by an orc priest
              (13 damage)
             ... on level 7 of the Dungeon.
             The game lasted 00:20:50 (6703 turns).

gimp the Magician (Gnoll Fire Elementalist)         Turns: 6703, Time: 00:20:50

Health: -4/66      AC:  8    Str: 10    XL:     9   Next: 64%
Magic:  0/19       EV: 14    Int: 21    God:    Ru [*.....]
Gold:   403        SH:  8    Dex: 13    Spells: 8/21 levels left

rFire    . . .     SeeInvis .   b - +1 dagger (venom)
rCold    . . .     Faith    .   l - +3 buckler {AC+3}
rNeg     . . .     Spirit   .   p - +2 leather armour {Will+}
rPois    .         Reflect  .   (no helmet)
rElec    .         Harm     .   (no cloak)
rCorr    .         Rampage  .   (no gloves)
Will     +....                  (no boots)
Stlth    +++.......             (no amulet)
HPRegen  0.21/turn              d - +6 ring of intelligence
MPRegen  0.16/turn              (no ring)

@: no potions
A: distributed training, fangs 1, inability to drink while threatened, strong
nose
a: Renounce Religion


You were on level 7 of the Dungeon.
You worshipped Ru.
Ru was aware of your devotion.
You visited 2 branches of the dungeon, and saw 8 of its levels.

You collected 623 gold pieces.
You spent 220 gold pieces at shops.

Inventory:

Hand Weapons
 a - a +2 dagger of draining
 b - a +1 dagger of venom (weapon)
Missiles
 m - 7 curare-tipped darts
Armour
 l - a +3 buckler of protection (worn)
 p - a +2 leather armour of willpower (worn)
 q - a +2 robe of cold resistance
 s - the +1 ring mail "Mifauch" {rPois rC- rCorr}
   (You bought it in a shop on level 5 of the Dungeon)

   It makes you vulnerable to cold.
   It protects you from poison.
   It provides partial protection from all sources of acid and corrosion.
Jewellery
 d - a +6 ring of intelligence (left hand)
 t - a ring of magical power
Wands
 j - a wand of flame (23)
Scrolls
 c - 2 scrolls of teleportation
 f - 3 scrolls of fear
 n - a scroll of fog
 v - a scroll of blinking
 w - a scroll of magic mapping
Potions
 e - 3 potions of curing
 g - 3 potions of brilliance
 h - 4 potions of heal wounds
 i - 3 potions of lignification
 k - a potion of mutation
 o - a potion of attraction
 r - a potion of haste
 u - a potion of invisibility


   Skills:
 + Level 4.4 Fighting
 + Level 4.4 Short Blades
 + Level 4.4 Long Blades
 + Level 4.4 Axes
 + Level 4.4 Maces & Flails
 + Level 4.4 Polearms
 + Level 4.4 Staves
 + Level 4.4 Slings
 + Level 4.4 Bows
 + Level 4.4 Crossbows
 + Level 4.4 Throwing
 + Level 4.4 Armour
 + Level 6.4 Dodging
 + Level 6.2 Stealth
 + Level 4.4 Shields
 + Level 4.4 Unarmed Combat
 + Level 6.7 Spellcasting
 + Level 4.3 Conjurations
 + Level 3.6 Hexes
 + Level 3.6 Summonings
 + Level 3.6 Necromancy
 + Level 3.6 Translocations
 + Level 3.6 Transmutations
 + Level 6.6 Fire Magic
 + Level 3.6 Ice Magic
 + Level 3.6 Air Magic
 + Level 3.6 Earth Magic
 + Level 3.6 Poison Magic
 + Level 4.9 Invocations
 + Level 4.4 Evocations


You had 8 spell levels left.
You knew the following spells:

 Your Spells              Type           Power        Failure   Level
a - Foxfire               Conj/Fire      100%         1%          1
b - Inner Flame           Hex/Fire       28%          4%          3
c - Sticky Flame          Conj/Fire      30%          12%         4
d - Fireball              Conj/Fire      15%          34%         5

Your spell library contained the following spells:

 Spells                   Type           Power        Failure   Level
 Conjure Flame            Conj/Fire      30%          3%          3


Dungeon Overview and Level Annotations

Branches:
Dungeon (7/15)             Temple (1/1) D:4

Altars:
Ashenzari
Cheibriados
Dithmenos
Fedhas
Gozag
Hepliaklqana
Kikubaaqudgha
Makhleb
Nemelex Xobeh
Okawaru
Qazlal
Ru
Sif Muna
Trog
Uskayaw
Vehumet
Wu Jian
Xom
Yredelemnul
Zin
The Shining One

Shops:
D:5 *


Innate Abilities, Weirdness & Mutations

Your experience applies equally to all skills.
You have very sharp teeth.
You cannot drink potions while threatened.
Your uncanny sense of smell can sniff out nearby items.


Message History

The orc priest misses you. The orc warrior misses you.
You conjure some foxfire!
The foxfire hits the orc priest but does no damage.
The orc priest is heavily wounded.
The foxfire hits the orc priest.
The orc priest is severely wounded.
The orc priest miscasts a cantrip.
The orc warrior hits you with a +0 scimitar!
You feel threatened and lose the ability to drink potions!
You take 9 damage, and have 33/66 hp.
You now have 3/19 mp.
You can drink potions again.
The foxfire hits the orc warrior but does no damage.
The orc warrior is severely wounded.
The foxfire hits the orc warrior but does no damage.
The orc warrior is severely wounded.
The orc priest invokes the aid of Beogh against you.
Beogh smites you!
You feel threatened and lose the ability to drink potions!
You take 11 damage, and have 22/66 hp.
You are too injured to fight recklessly!
You are too injured to fight recklessly!
You can drink potions again.
Okay, then.
Casting: Foxfire (safe; 1% risk of failure)
Confirm with . or Enter, or press ? or * to list all spells.
Aiming: Sticky Flame (dangerous; 12% risk of failure)
Press: ? - help, Shift-Dir - straight line, f - orc warrior
Aim: an orc warrior, wielding a +0 scimitar and wearing a +0 chain mail (heavily wounded, 0% to evade)
The sticky flame hits the orc warrior.
The orc warrior is severely wounded.
The orc warrior is covered in liquid flames!
The orc warrior burns!
The orc warrior hits you with a +0 scimitar!
You feel threatened and lose the ability to drink potions!
* * * LOW HITPOINT WARNING * * *
You take 15 damage, and have 8/66 hp.
MASSIVE DAMAGE!!
You now have 0/19 mp.
The orc warrior burns!
The orc priest mumbles some strange prayers to Beogh against you.
Beogh smites you!
You die...

#+# .# #.#.# ###.# #.#.#.#
..#.# #.#(#.# #.#.# #.#.#@#
#.#.######.#.#o#
#.#.....##.#.#.# ∆
###<#.###.##.#..o#
......##..##.#...############
...........#'#...............
.....................########
...................).#####..
............................


You could see an orc warrior (burning) and an orc priest.

Vanquished Creatures
  The ghost of Maimakterion the Ruffian, a novice TrMo of Hepliaklqana (D:6)
  Grinder (D:4)
  Duvessa (D:5)
  An orc warrior (D:4)
  A black bear (D:6)
  An ice beast (D:6)
  2 ogres
  A centaur (D:5)
  4 phantoms
  Blork the orc (D:6)
  A bullfrog (D:6)
  Dowan (D:5)
  A scorpion (D:5)
  5 wights (D:6)
  2 howler monkeys
  An orc priest (D:6)
  A bullfrog skeleton (D:4)
  A hound (D:6)
  An iguana (D:6)
  7 orc wizards
  6 worker ants
  A hound zombie (D:5)
  2 hound skeletons
  6 gnolls
  6 adders
  A white imp (D:7)
  An ufetubus (D:5)
  3 worms (D:2)
  2 dart slugs
  3 leopard geckos
  33 orcs
  A ball python (D:6)
  A bat zombie (D:5)
  4 giant cockroaches
  4 hobgoblins
  3 quokkas
  6 bats
  2 frilled lizards
  8 goblins
  A jackal skeleton (D:6)
  5 kobolds
  A leopard gecko skeleton (D:5)
  A quokka zombie (D:5)
  7 rats
143 creatures vanquished.

Vanquished Creatures (others)
  636 foxfires
636 creatures vanquished.

Grand Total: 779 creatures vanquished

Notes
Turn   | Place    | Note
-------+----------+-------------------------------------------
     0 | D:1      | gimp the Gnoll Fire Elementalist began the quest for the
                  | Orb.
     0 | D:1      | Reached XP level 1. HP: 13/13 MP: 6/6
    83 | D:1      | Reached XP level 2. HP: 19/19 MP: 5/7
   558 | D:2      | Found an iron altar of Okawaru.
   559 | D:2      | Reached skill level 5 in Spellcasting
   559 | D:2      | Reached XP level 3. HP: 25/25 MP: 3/9
   712 | D:2      | Reached skill level 1 in Invocations
   881 | D:2      | Found a blossoming altar of Fedhas.
   960 | D:2      | Found a bloodstained altar of Trog.
   980 | D:2      | Reached skill level 1 in Fighting
   980 | D:2      | Reached skill level 1 in Short Blades
   980 | D:2      | Reached skill level 1 in Long Blades
   980 | D:2      | Reached skill level 1 in Axes
   980 | D:2      | Reached skill level 1 in Maces & Flails
   980 | D:2      | Reached skill level 1 in Polearms
   980 | D:2      | Reached skill level 1 in Staves
   980 | D:2      | Reached skill level 1 in Slings
   980 | D:2      | Reached skill level 1 in Bows
   980 | D:2      | Reached skill level 1 in Crossbows
   980 | D:2      | Reached skill level 1 in Throwing
   980 | D:2      | Reached skill level 1 in Armour
   980 | D:2      | Reached skill level 1 in Shields
   980 | D:2      | Reached skill level 1 in Unarmed Combat
   980 | D:2      | Reached skill level 1 in Evocations
  1035 | D:2      | Reached XP level 4. HP: 32/32 MP: 6/11
  1518 | D:3      | Reached skill level 1 in Hexes
  1518 | D:3      | Reached skill level 1 in Summonings
  1518 | D:3      | Reached skill level 1 in Necromancy
  1518 | D:3      | Reached skill level 1 in Translocations
  1518 | D:3      | Reached skill level 1 in Transmutations
  1518 | D:3      | Reached skill level 1 in Ice Magic
  1518 | D:3      | Reached skill level 1 in Air Magic
  1518 | D:3      | Reached skill level 1 in Earth Magic
  1518 | D:3      | Reached skill level 1 in Poison Magic
  1791 | D:3      | Reached XP level 5. HP: 37/37 MP: 8/12
  2266 | D:3      | Found a faded altar of an unknown god.
  2546 | D:4      | Noticed an ogre
  2548 | D:4      | Noticed an orc warrior
  2999 | D:3      | Reached XP level 6. HP: 19/44 MP: 8/13
  3193 | D:4      | Learned a level 3 spell: Inner Flame
  3198 | D:4      | Learned a level 4 spell: Sticky Flame
  3204 | D:4      | Learned a level 5 spell: Fireball
  3215 | D:4      | Noticed Grinder
  3222 | D:4      | Killed Grinder
  3223 | D:4      | Reached skill level 5 in Dodging
  3223 | D:4      | Reached XP level 7. HP: 46/50 MP: 9/15
  3357 | D:4      | Found a staircase to the Ecumenical Temple.
  3366 | Temple   | Entered the Ecumenical Temple
  3607 | Temple   | Became a worshipper of Ru the Awakened
  3834 | D:4      | Reached skill level 5 in Stealth
  4121 | D:4      | Found a shadowy altar of Dithmenos.
  4291 | D:5      | Entered Level 5 of the Dungeon
  4323 | D:5      | Noticed Dowan
  4323 | D:5      | Noticed Duvessa
  4338 | D:5      | Killed Duvessa
  4339 | D:5      | Reached XP level 8. HP: 52/58 MP: 7/16
  4507 | D:5      | Killed Dowan
  5003 | D:5      | Found Wuoviana's Assorted Antiques.
  5010 | D:5      | Gained mutation: You cannot drink potions while threatened.
                  | [Ru sacrifice]
  5010 | D:5      | Reached * piety under Ru
  5016 | D:5      | Bought a slimy ring mail for 180 gold pieces
  5016 | D:5      | Bought a scroll labelled OSAFFIGOGA for 20 gold pieces
  5016 | D:5      | Bought a scroll labelled TINKASK JUAR for 20 gold pieces
  5036 | D:5      | Identified the +1 ring mail "Mifauch" {rPois rC- rCorr}
                  | (You bought it in a shop on level 5 of the Dungeon)
  5187 | D:5      | Found an ancient bone altar of Kikubaaqudgha.
  5658 | D:6      | Reached XP level 9. HP: 57/65 MP: 13/18
  5695 | D:6      | Found a runed translucent door.
  5695 | D:6      | Noticed Maimakterion's ghost (novice TrMo)
  5746 | D:6      | Noticed Blork the orc
  5763 | D:6      | Killed Blork the orc
  5882 | D:6      | Identified a scroll of acquirement
  5882 | D:6      | Acquired 329 gold pieces
  6521 | D:6      | Killed Maimakterion's ghost
  6703 | D:7      | Killed from afar by an orc priest

Illustrated notes

Levels and vault maps discovered:
D:1:      amcnicky_arrival_blooded_trapdoor, layout_rooms
D:2:      layout_rooms, lemuel_coloured_pillars_altar, kennysheep_flooded_box,
          okawaru_metal_pillars_3
D:3:      layout_loops_corners, chequers_ecumenical_altar_simple,
          kennysheep_generic_room_14
D:4:      layout_rooms, kennysheep_mini, minmay_temple_entry_glass, uniq_grinder
D:5:      layout_gridville, lemuel_zombie_altar_kikubaaqudgha, serial_shops,
          nicolae_shop_statue_plus, uniq_duvessa
D:6:      layout_rooms, hellmonk_ghost_happy_afterlife, uniq_blork_the_orc
D:7:      layout_basic, nicolae_overflow_hidden_temple,
          ebering_ghost_disaster_area, grunt_decor_arrowhead
Temple:   dpeg_five_rooms_temple

Skill      XL: |  1  2  3  4  5  6  7  8  9 |
---------------+----------------------------+-----
Conjurations   | 2 3 4 |  4.3
Spellcasting   | 5 6 |  6.7
Invocations    | 1 2 3 4 |  4.9
Fighting       | 1 2 3 4 |  4.4
Short Blades   | 1 2 3 4 |  4.4
Long Blades    | 1 2 3 4 |  4.4
Axes           | 1 2 3 4 |  4.4
Maces & Flails | 1 2 3 4 |  4.4
Polearms       | 1 2 3 4 |  4.4
Staves         | 1 2 3 4 |  4.4
Slings         | 1 2 3 4 |  4.4
Bows           | 1 2 3 4 |  4.4
Crossbows      | 1 2 3 4 |  4.4
Throwing       | 1 2 3 4 |  4.4
Armour         | 1 2 3 4 |  4.4
Shields        | 1 2 3 4 |  4.4
Unarmed Combat | 1 2 3 4 |  4.4
Evocations     | 1 2 3 4 |  4.4
Hexes          | 1 2 3 |  3.6
Summonings     | 1 2 3 |  3.6
Necromancy     | 1 2 3 |  3.6
Translocations | 1 2 3 |  3.6
Transmutations | 1 2 3 |  3.6
Ice Magic      | 1 2 3 |  3.6
Air Magic      | 1 2 3 |  3.6
Earth Magic    | 1 2 3 |  3.6
Poison Magic   | 1 2 3 |  3.6
Dodging        | 5 6 |  6.4
Stealth        | 5 6 |  6.2
Fire Magic     | 6 |  6.6

Action                   |  1- 3 |  4- 6 |  7- 9 || total
-------------------------+-------+-------+-------++-------
Melee: Dagger            |     7 |    12 |    52 ||    71
       Bite              |       |     1 |     3 ||     4
 Cast: Foxfire           |    47 |    76 |   237 ||   360
       Sticky Flame      |       |       |     3 ||     3
Invok: Sacrifice Drink   |       |       |     1 ||     1
  Use: Scroll            |       |     1 |    17 ||    18
       Potion            |       |     1 |       ||     1
 Stab: Sleeping          |       |     1 |     2 ||     3
Armor: Robe              |     2 |     5 |    12 ||    19
       Leather armour    |       |       |     8 ||     8
Dodge: Dodged            |    13 |    37 |    36 ||    86
Block: Buckler           |       |       |    25 ||    25

Table legend: (Time is in decaauts)
 A = Elapsed time spent in this place.
 B = Non-inter-level travel time spent in this place.
 C = Inter-level travel time spent in this place.
 D = Time resting spent in this place.
 E = Time spent auto-exploring this place.
 F = Levels seen in this place.
 G = Mean time per level.
                   A        B        C        D        E       F      G
               +--------+--------+--------+--------+--------+-----+--------+
         Total |   6696 |   6395 |    301 |      0 |   5075 |   8 |  837.0 |
       Dungeon |   6404 |   6186 |    218 |      0 |   4878 |   7 |  914.9 |
        Temple |    291 |    208 |     83 |      0 |    197 |   1 |  291.0 |
               +--------+--------+--------+--------+--------+-----+--------+

Top non-repeatable levels by time:
     D:3: 1726 daAuts
     D:6: 1243 daAuts
     D:5: 1098 daAuts
     D:2: 877 daAuts
     D:4: 846 daAuts
     D:1: 550 daAuts
  Temple: 291 daAuts
     D:7: 61 daAuts
